 Dungeon Crawl Stone Soup version 0.23-a0-641-g0a7f1ce553 (webtiles) character file.

632 HereIgoKillingAgain the Sneak (level 7, -1/32 HPs)
             Began as a Spriggan Enchanter on Dec 30, 2018.
             Slain by a gnoll sergeant
             ... wielding a +0 trident
              (7 damage)
             ... on level 5 of the Dungeon.
             The game lasted 00:08:57 (5151 turns).

HereIgoKillingAgain the Sneak (Spriggan Enchanter)  Turns: 5151, Time: 00:08:58

Health: -1/32      AC:  3    Str:  4    XL:     7   Next: 24%
Magic:  4/15       EV: 21    Int: 19    God:
Gold:   235        SH:  0    Dex: 16    Spells: 9/15 levels left

rFire    . . .     SeeInvis +   a - +2 dagger
rCold    . . .     Gourm    .   (shield restricted)
rNeg     . . .     Faith    .   b - +1 robe
rPois    .         Spirit   .   (helmet restricted)
rElec    .         Reflect  .   (no cloak)
rCorr    .         Harm     .   (gloves unavailable)
MR       +....                  (boots unavailable)
Stlth    +++++.....             (no amulet)
HPRegen  0.10/turn              i - ring of stealth
MPRegen  0.14/turn              (no ring)

@: very quick
A: very small, unfitting armour, see invisible, herbivore, speed 3, slow
metabolism 2
a: no special abilities


You were on level 5 of the Dungeon.
You were very hungry.

You visited 1 branch of the dungeon, and saw 5 of its levels.
You also visited: Ossuary.

You collected 235 gold pieces.

Inventory:

Hand Weapons
 a - a +2 dagger (weapon)
Armour
 b - a +1 robe (worn)
Magical Staves
 o - an uncursed staff of summoning {unknown}
Jewellery
 i - a ring of stealth (left hand)
Wands
 m - a wand of disintegration (7)
Scrolls
 c - 3 scrolls of fog {unknown}
 e - a scroll of remove curse
 g - 3 scrolls of identify {unknown}
 h - 3 scrolls of amnesia
 n - a scroll of magic mapping {unknown}
Potions
 f - 2 potions of curing
 j - 3 potions of brilliance
 k - 2 potions of might {unknown}
 l - 5 potions of haste
Comestibles
 d - 5 rations


   Skills:
 - Level 1.1 Short Blades
 + Level 5.7 Dodging
 * Level 7.2 Stealth
 + Level 4.9 Spellcasting
 * Level 6.9 Hexes
 + Level 0.0 Evocations


You had 9 spell levels left.
You knew the following spells:

 Your Spells              Type           Power        Failure   Level  Hunger
a - Ensorcelled Hibernat  Hex/Ice        ###...       4%          2    #......
b - Confuse               Hex            ####....     2%          3    ##.....
c - Corona                Hex            ####...      1%          1    None

Your spell library contained the following spells:

 Spells                   Type           Power        Failure   Level  Hunger
 Tukima's Dance           Hex            ####....     2%          3    ##.....
 Dazzling Spray           Conj/Hex       ###...       9%          3    ##.....


Dungeon Overview and Level Annotations

Branches:
Dungeon (5/15)
 Temple: D:4-7

Altars:
Dithmenos
Elyvilon
Fedhas
Makhleb
Qazlal
Trog
Uskayaw

Annotations:
D:3 2 transporters
D:5 Pikel


Innate Abilities, Weirdness & Mutations

You are very small and have problems with some larger weapons.
You are too small for most types of armour.
You have supernaturally acute eyesight. (SInv)
You are a herbivore.
You cover ground extremely quickly.
You need to consume almost no food.


Message History

The gnoll sergeant misses you.
You hit Pikel.
Pikel is heavily wounded.
The gnoll sergeant closely misses you.
You hit Pikel.
Pikel is heavily wounded.
The gnoll sergeant hits you from afar with a +0 trident!
You catch the helpless Pikel completely off-guard!
You puncture Pikel!
Pikel is almost dead.
Pikel hits the gnoll sergeant but does no damage.
The gnoll sergeant closely misses you.
You hit Pikel but do no damage.
Pikel is almost dead.
Pikel hits you with a +2 whip of freezing!
* * * LOW HITPOINT WARNING * * *
Pikel freezes you.
* * * LOW HITPOINT WARNING * * *
The gnoll sergeant hits you from afar with a +0 trident!
You die...

##### ### #...# #.#
##########...###.#######
.....................^..
#####.......##.#######
#...[..#....##......#
#.<....#....##.####.#
#......#.[..##.# #.# ###
#......#....##@####.# ...
#.....##....##K#....###.##
#####.##....##g#.#.......##
#.# ###.##h#.#......... #.#
#p#†.p..#..##.# #.#
#gp)hg........#
######p...#### ##'#######+#
#..gh.g.....


You could see Pikel (confused), 2 slaves, a gnoll sergeant, a gnoll and a
jackal.

Vanquished Creatures
  A sky beast (D:5)
  2 ogres (D:4)
  2 centaur skeletons (D:4)
  A hound (D:2)
  A human zombie (Ossuary)
  Jessica (D:3)
  Terence (D:3)
  2 big kobold zombies (Ossuary)
  2 mummies
  A gnoll (D:5)
  5 adders
  An ooze (D:3)
  2 worms
  A dart slug (D:2)
  5 leopard geckos
  5 orcs
  2 bats (D:2)
  2 giant cockroaches
  3 goblins
  4 hobgoblins
  A jackal (D:5)
  2 quokkas (D:2)
  3 frilled lizards
  3 goblin zombies
  13 hobgoblin zombies (Ossuary)
  2 jackal zombies (Ossuary)
  2 kobolds (D:1)
  6 kobold zombies (Ossuary)
  8 orc zombies (Ossuary)
  A quokka skeleton (D:4)
  6 rats
  3 rat zombies (Ossuary)
94 creatures vanquished.

Notes
Turn   | Place    | Note
-------+----------+-------------------------------------------
     0 | D:1      | HereIgoKillingAgain the Spriggan Enchanter began the quest
                  | for the Orb.
     0 | D:1      | Reached XP level 1. HP: 9/9 MP: 5/5
   514 | D:1      | Reached XP level 2. HP: 12/13 MP: 6/6
   874 | D:2      | Found a shadowy altar of Dithmenos.
  1053 | D:2      | Reached XP level 3. HP: 15/16 MP: 6/8
  1058 | D:2      | Learned a level 3 spell: Confuse
  1061 | D:2      | Learned a level 2 spell: Ensorcelled Hibernation
  1165 | D:2      | Reached skill level 5 in Stealth
  1364 | D:2      | Found a burning altar of Makhleb.
  1370 | D:2      | Reached XP level 4. HP: 21/21 MP: 7/10
  1605 | D:3      | Found a white marble altar of Elyvilon.
  1960 | D:3      | Noticed Jessica
  1980 | D:3      | Killed Jessica
  1980 | D:3      | Reached skill level 5 in Hexes
  2384 | D:3      | Found a transporter.
  2389 | D:3      | Found a transporter.
  2391 | D:3      | Noticed a necrophage
  2638 | D:3      | Noticed a centaur
  2644 | D:3      | Found a blossoming altar of Fedhas.
  2873 | D:3      | Noticed Terence
  2877 | D:3      | Killed Terence
  2877 | D:3      | Reached XP level 5. HP: 24/24 MP: 8/11
  2937 | D:4      | Noticed an ogre
  2947 | D:4      | Killed an ogre
  2947 | D:4      | Reached skill level 6 in Stealth
  3054 | D:4      | Reached XP level 6. HP: 28/28 MP: 3/13
  3061 | D:4      | Found a bloodstained altar of Trog.
  3061 | D:4      | Found a faded altar of an unknown god.
  3067 | D:4      | Found a faded altar of an unknown god.
  3069 | D:4      | Found a hide-covered altar of Uskayaw.
  3071 | D:4      | Found a stormy altar of Qazlal.
  3167 | D:4      | Found a sand-covered staircase.
  3172 | Ossuary  | Entered an ossuary
  4071 | Ossuary  | Reached skill level 5 in Dodging
  5057 | D:5      | Entered Level 5 of the Dungeon
  5057 | D:5      | Noticed a sky beast
  5063 | D:5      | Killed a sky beast
  5063 | D:5      | Reached skill level 7 in Stealth
  5063 | D:5      | Reached XP level 7. HP: 32/32 MP: 12/15
  5105 | D:5      | Noticed Pikel
  5151 | D:5      | Slain by a gnoll sergeant

Vault maps used:
D:1:      psy_arrival_whirlpool
D:2:      nicolae_dithmenos_shadow_blocks, makhleb_heckhound_becter,
          first_ration
D:3:      elyvilon_altar_4, gammafunk_temple_overflow_arena, uniq_jessica,
          uniq_terence
D:4:      chequers_temple_overflow_minitemple, nicolae_ossuary_entry_giza,
          dk_noncrumbling_4
D:5:      portal_sewer_entry_a, st_stairs_12, uniq_pikel, uniq_blork_the_orc,
          uniq_duvessa
Ossuary:  ossuary_tomb_1

Skill      XL: |  1  2  3  4  5  6 |
---------------+-------------------+-----
Hexes          | 4 5 6 |  6.9
Spellcasting   | 3 4 |  4.9
Stealth        | 5 6 7 |  7.2
Dodging        | 4 5 |  5.7
Short Blades   | |  1.1

Action                   |  1- 3 |  4- 6 |  7- 9 || total
-------------------------+-------+-------+-------++-------
Melee: Dagger            |    70 |   277 |    13 ||   360
 Cast: Corona            |     4 |       |       ||     4
       Ensorcelled Hiber |     5 |    22 |     4 ||    31
       Confuse           |       |    22 |     2 ||    24
  Use: Scroll            |       |     6 |       ||     6
       Potion            |       |     6 |       ||     6
 Stab: Sleeping          |    20 |    24 |     4 ||    48
       Confused          |       |    11 |     1 ||    12
       Distracted        |       |     1 |       ||     1
  Eat: Ration            |       |     2 |       ||     2
Armor: Robe              |     7 |    20 |       ||    27
Dodge: Dodged            |    45 |   253 |    16 ||   314

Table legend:
 A = Non-vault XP
 B = Vault XP
 C = Vault XP percentage of total XP
 D = Non-vault monster count
 E = Vault monster count
 F = Vault count percentage of total count
                 A         B        C        D         E       F
            +---------+---------+-------+---------+---------+-------
      Total |     624 |     279 |  30.9 |      51 |      43 |  45.7
            +---------+---------+-------+---------+---------+-------
        D:1 |      16 |       0 |   0.0 |      10 |       0 |   0.0
        D:2 |      62 |      42 |  40.4 |      18 |       1 |   5.3
        D:3 |      38 |      73 |  65.8 |      10 |       2 |  16.7
        D:4 |     327 |      20 |   5.8 |       8 |       3 |  27.3
        D:5 |     181 |       0 |   0.0 |       5 |       0 |   0.0
    Ossuary |       0 |     144 | 100.0 |       0 |      37 | 100.0
            +---------+---------+-------+---------+---------+-------
